cohdb
Replays
Latest Replays
All Replays
Popular Replays
Top Player Replays
Match Explorer
How It Works
Community
CoH3 Stats
Reddit
Sign in to upload your games and track your stats! →
Sign in with Steam
Match 45626262
Unlisted
Match 45626262
Overview
Messages
Build Orders
End
Kettenkrad Recon Vehicle
Construct Infanterie Kompanie
Selects Mechanized Battlegroup
Grenadier Squad
GrW 34 Mortar Team
Grenadier Squad
Grenadier Squad
Construct Luftwaffe Kompanie
221 Scout Car
Jäger Squad
Selects Mobile Repair Stations
Selects Raid Package
Jäger Squad
Support Elements
Medical Station
Selects StuG Assault Group
Wirbelwind Flakpanzer
Luftwaffe Officer Quarters
Construct Panzer Kompanie
Selects UNKNOWN (2160084)
Stoßtruppen Squad
Panther Heavy Tank
Panzer IV Medium Tank
Pioneer Squad
Selects Wespe Self-propelled Artillery
Wespe Self-propelled Artillery
chmod 777
InfectedCure
Nick
Enashi
No soy manco tengo lag
Kowalski
0
0
Comments
sign in to comment!
No comments posted yet!